 Dungeon Sprint DCSS version 0.26-a0-966-gd078a86f14 (webtiles) character file.

Game seed: 4576709553797707126

20 mhtbhm the Skirmisher (level 2, -3/29 HPs)
             Began as a Minotaur Fighter on Dec 3, 2020.
             Was an Initiate of Okawaru.
             Slain by a gnoll
             ... wielding a +0 whip of electrocution
              (20 damage)
             ... in the Dungeon (Sprint VII: "The Pits").
             The game lasted 00:00:28 (106 turns).

mhtbhm the Skirmisher (Minotaur Fighter)             Turns: 106, Time: 00:00:30

Health: -3/29      AC:  7    Str: 20    XL:     2   Next: 58%
Magic:  1/1        EV:  7    Int:  5    God:    Okawaru [......]
Gold:   0          SH:  9    Dex:  9    Spells: 1/1 levels left

rFire    . . .     SeeInvis .   a - +2 falchion
rCold    . . .     Faith    .   c - +0 kite shield
rNeg     . . .     Spirit   .   b - +0 scale mail
rPois    .         Reflect  .   (helmet restricted)
rElec    .         Harm     .   (no cloak)
rCorr    .         Rampage  .   (no gloves)
MR       .....     NoTele   +   (no boots)
Stlth    ..........             (no amulet)
HPRegen  0.09/turn              (no ring)
MPRegen  0.07/turn              (no ring)

@: no status effects
A: retaliatory headbutt, horns 2
a: Renounce Religion


You were in the Dungeon.
You worshipped Okawaru.
Okawaru was noncommittal.
You visited 1 branch

Inventory:

Hand Weapons
 a - a +2 falchion (weapon)
Armour
 b - a +0 scale mail (worn)
 c - a +0 kite shield (worn)
Scrolls
 j - a scroll of blinking
 l - 3 scrolls of remove curse
 m - 5 scrolls of amnesia
 n - a scroll of summoning
Potions
 d - a potion of might
 e - a potion of curing
 f - a potion of heal wounds
 g - a potion of haste
 h - 4 potions of magic
 i - 3 potions of berserk rage
 k - 2 potions of invisibility


   Skills:
 + Level 5.0 Fighting
 + Level 3.4 Long Blades
 + Level 4.9 Armour
 + Level 4.9 Shields


You had one spell level left.
You didn't know any spells.
Your spell library was empty.

Dungeon Overview and Level Annotations

Branches:
Dungeon (1/1)

Altars:
Ashenzari
Cheibriados
Dithmenos
Elyvilon
Fedhas
Gozag
Hepliaklqana
Kikubaaqudgha
Makhleb
Nemelex Xobeh
Okawaru
Qazlal
Ru
Sif Muna
Trog
Uskayaw
Vehumet
Wu Jian
Xom
Yredelemnul
Zin
The Shining One
Beogh
Jiyva
Lugonu


Innate Abilities, Weirdness & Mutations

You reflexively headbutt those who attack you in melee.
You have a pair of horns on your head.


Message History

You kill the jackal!
Okawaru accepts your kill. The jackal barely misses you.
You block the gnoll's attack.
Your Fighting skill increases to level 5!
You completely miss the jackal.
You headbutt the jackal, but do no damage.
The jackal bites you but does no damage. x2
You block the gnoll's attack.
You slash the jackal!
You kill the jackal!
Okawaru accepts your kill. The gnoll barely misses you.
You see here a jackal corpse.
You barely miss the gnoll. You headbutt the gnoll.
The gnoll is heavily wounded.
The gnoll hits you with a +0 halberd.
The gnoll hits you with a +0 whip of electrocution.
You are electrocuted!!
Ouch! That really hurt!
You die...

#_________.#
#_______...###########++
##########'##...........
#.?(.')))'.##......#..#
##########.##..........
#..........)'...........
#+#####'#####......#..#.
#...#.# #...........
#..)#@# ####'#####+
#..ggg# #.......#
##'#### #.......# #...
#.......# #..hg
#...<...# #...gB
#.......# #......
#.......# ########
#.......# #########


You could see 3 gnolls.

Vanquished Creatures
  2 oozes (D)
  An orc (D)
  5 jackals (D)
  A frilled lizard (D)
  A kobold (D)
10 creatures vanquished.

Notes
Turn   | Place    | Note
-------+----------+-------------------------------------------
     0 | D        | mhtbhm the Minotaur Fighter began the quest for the Orb.
     0 | D        | Reached XP level 1. HP: 19/19 MP: 0/0
    17 | D        | Found a bloodstained altar of Trog.
    17 | D        | Found a shimmering blue altar of Sif Muna.
    17 | D        | Found a viscous altar of Jiyva.
    17 | D        | Found a hazy altar of Hepliaklqana.
    17 | D        | Found an opulent altar of Gozag.
    18 | D        | Found a glowing golden altar of the Shining One.
    18 | D        | Found a glowing silver altar of Zin.
    18 | D        | Found a basalt altar of Yredelemnul.
    18 | D        | Found a shimmering altar of Xom.
    18 | D        | Found an ornate altar of the Wu Jian Council.
    18 | D        | Found a sacrificial altar of Ru.
    18 | D        | Found a stormy altar of Qazlal.
    18 | D        | Found an iron altar of Okawaru.
    18 | D        | Found a sparkling altar of Nemelex Xobeh.
    18 | D        | Found a burning altar of Makhleb.
    18 | D        | Found a blossoming altar of Fedhas.
    18 | D        | Found a white marble altar of Elyvilon.
    18 | D        | Found a shadowy altar of Dithmenos.
    18 | D        | Found a snail-covered altar of Cheibriados.
    20 | D        | Found a radiant altar of Vehumet.
    20 | D        | Found a corrupted altar of Lugonu.
    20 | D        | Found a roughly hewn altar of Beogh.
    21 | D        | Found a hide-covered altar of Uskayaw.
    21 | D        | Found an ancient bone altar of Kikubaaqudgha.
    21 | D        | Found a broken altar of Ashenzari.
    26 | D        | Became a worshipper of Warmaster Okawaru
    72 | D        | Reached skill level 4 in Fighting
    77 | D        | Reached XP level 2. HP: 28/28 MP: 1/1
   103 | D        | Reached skill level 5 in Fighting
   106 | D        | Slain by a gnoll

Illustrated notes

Levels and vault maps discovered:
D:        pitsprint [storerooms_1, entrance_room_1, metal_vault_3, armoury_2,
          mini_pit_1, grid_room_1, main_hall_1, silver_pit, the_coven_3,
          the_vestibule_1, steel_vault_1, golden_pit, hallway_of_sentries,
          crystal_vault_1, iron_vault_2, final_vault]

Skill      XL: |  1  2 |
---------------+-------+-----
Fighting       | 4 5 |  5.0
Armour         | 4 |  4.9
Shields        | 4 |  4.9
Long Blades    | 3 |  3.4

Action                   || total
-------------------------++-------
Melee: Falchion          ||    22
       Long sword        ||     3
       Headbutt          ||     6
Armor: Scale mail        ||    13
Dodge: Dodged            ||     8
Block: Kite shield       ||    13

Table legend: (Time is in decaauts)
 A = Elapsed time spent in this place.
 B = Non-inter-level travel time spent in this place.
 C = Inter-level travel time spent in this place.
 D = Time resting spent in this place.
 E = Time spent auto-exploring this place.
 F = Levels seen in this place.
 G = Mean time per level.
                   A        B        C        D        E       F      G
               +--------+--------+--------+--------+--------+-----+--------+
         Total |    111 |    111 |      0 |      0 |      0 |   1 |  111.0 |
       Dungeon |    111 |    111 |      0 |      0 |      0 |   1 |  111.0 |
               +--------+--------+--------+--------+--------+-----+--------+

Top non-repeatable levels by time:
       D: 111 daAuts
